[Event "Titled Tuesday Blitz March 29 Late 2022"]
[White "Moral Garcia, Serafin"]
[Black "Hjartarson, Johann"]
[WhiteFideId "2201925"]
[BlackFideId "2300044"]
[WhiteElo "2228"]
[BlackElo "2450"]
[Result "0-1"]
[Round "09"]
[TimeControl "180+1"]
[Date "2022.03.29"]
[WhiteClock "0:00:44"]
[BlackClock "0:01:13"]

1. e4 g6 2. d4 Bg7 3. Nc3 d6 4. f4 a6 5. Nf3 b5 6. Bd3 Nd7 7. Qe2 c5 8. dxc5 Nxc5 9. O-O Bb7 10. Nd5 Bxd5 11. exd5 Nf6 12. c4 O-O 13. cxb5 Nxd5 14. bxa6 Qb6 15. Kh1 Nxd3 16. Qxd3 Nb4 17. Qb3 Qxa6 18. Bd2 Nd3 19. Bc3 Rab8 20. Qd5 e6 21. Qe4 d5 22. Qe3 Nxb2 23. Bxg7 Kxg7 24. Rfe1 Nc4 25. Qd4+ Kg8 26. h4 Qb6 27. Qf6 Qb2 28. Ne5 Nxe5 29. fxe5 Rb4 30. h5 Rg4 31. Rg1 Qd4 0-1


[Site "https://www.chess.com"]

[Event "Titled Tuesday Blitz March 29 Late 2022"]
[White "Mortazavi, Ali"]
[Black "Dimakiling, Oliver"]
[WhiteFideId "401323"]
[BlackFideId "5202248"]
[WhiteElo "2339"]
[BlackElo "2426"]
[Result "0-1"]
[Round "09"]
[TimeControl "180+1"]
[Date "2022.03.29"]
[WhiteClock "0:00:01"]
[BlackClock "0:00:45"]

1. Nf3 g6 2. e4 Bg7 3. d4 d6 4. Nc3 a6 5. Be3 b5 6. a4 b4 7. Ne2 Bb7 8. Ng3 h5 9. Bg5 f6 10. Bd2 h4 11. Ne2 Bxe4 12. Nf4 Qd7 13. Bxb4 g5 14. Nd3 Nc6 15. Bc3 h3 16. gxh3 Rxh3 17. Be2 Qf5 18. Nxg5 Qxg5 19. Rf1 f5 20. Bd2 Qh4 21. Nf4 Rxh2 22. Bh5+ Kd7 23. c3 e5 24. dxe5 Nxe5 25. Qb3 Nd3+ 26. Nxd3 Qxh5 27. Nf4 Qe8 0-1


[Site "https://www.chess.com"]

[Event "Titled Tuesday Blitz March 29 Late 2022"]
[White "Nazaretyan, Tigran"]
[Black "Ronka, Erik"]
[WhiteFideId "24162345"]
[BlackFideId "505080"]
[WhiteElo "2219"]
[BlackElo "2264"]
[Result "1-0"]
[Round "09"]
[TimeControl "180+1"]
[Date "2022.03.29"]
[WhiteClock "0:01:30"]
[BlackClock "0:00:04"]

1. d4 d5 2. c4 c6 3. Nf3 Nf6 4. Nc3 e6 5. e3 Nbd7 6. Qc2 Bd6 7. Be2 O-O 8. O-O dxc4 9. a4 e5 10. a5 exd4 11. exd4 h6 12. Bxc4 Rb8 13. Bxh6 gxh6 14. Qg6+ Kh8 15. Qxh6+ Nh7 16. Qxd6 Qf6 17. Ne4 Qg7 18. Ng3 Qg6 19. Qc7 Nhf6 20. Ne5 Qg7 21. Nf5 Qg5 22. Nd6 Nxe5 23. dxe5 Bh3 24. g3 Nd5 25. Bxd5 cxd5 26. Nxf7+ Rxf7 27. Qxf7 Bxf1 28. Rxf1 Qxe5 29. b4 b6 30. Rc1 bxa5 31. Rc7 Qe1+ 32. Kg2 Qe4+ 33. f3 Qe2+ 34. Kh3 Qf1+ 35. Kh4 1-0


[Site "https://www.chess.com"]

[Event "Titled Tuesday Blitz March 29 Late 2022"]
[White "Nazari, Arad"]
[Black "Dreev, Aleksey"]
[WhiteFideId "12577324"]
[BlackFideId "4100107"]
[WhiteElo "2120"]
[BlackElo "2625"]
[Result "1/2-1/2"]
[Round "09"]
[TimeControl "180+1"]
[Date "2022.03.29"]
[WhiteClock "0:00:16"]
[BlackClock "0:00:06"]

1. e4 c5 2. Nf3 e6 3. d3 d5 4. Nbd2 Nc6 5. g3 Bd6 6. Bg2 Nge7 7. O-O Bc7 8. c3 b6 9. Qe2 O-O 10. h4 Ba6 11. c4 Nb4 12. a3 Nc2 13. Ra2 Nc6 14. b4 N2d4 15. Nxd4 Nxd4 16. Qd1 dxc4 17. Nxc4 b5 18. Ne3 Bb6 19. Nc2 Bb7 20. Nxd4 cxd4 21. Bf4 Rc8 22. Rc2 Rc3 23. Qd2 Rxa3 24. Rfc1 Rc3 25. Rxc3 dxc3 26. Qxc3 Qd7 27. Qa3 Rc8 28. Rxc8+ Qxc8 29. Qc1 Qxc1+ 30. Bxc1 a5 31. bxa5 Bxa5 32. Kf1 Bc3 33. Ke2 b4 34. Bd2 Bxd2 35. Kxd2 Bc6 36. d4 Kf8 37. d5 exd5 38. exd5 Bb5 39. Be4 h6 40. Kc2 Bc4 41. d6 Ke8 42. Bc6+ Kd8 43. f4 Be6 44. Kb2 f6 45. Kc2 Bd7 46. Bd5 Ba4+ 47. Bb3 Bxb3+ 48. Kxb3 Kd7 49. Kxb4 Kxd6 50. Kc4 Ke6 51. g4 h5 52. gxh5 Kf5 53. Kd5 Kxf4 54. Ke6 Kg4 55. h6 gxh6 56. Kxf6 h5 57. Ke5 Kxh4 58. Kf4 Kh3 59. Kf3 h4 60. Kf2 Kg4 61. Kg2 h3+ 62. Kh2 Kh4 63. Kh1 1/2-1/2


[Site "https://www.chess.com"]

[Event "Titled Tuesday Blitz March 29 Late 2022"]
[White "Needleman, Alejandro"]
[Black "Vusatiuk, Vladimir"]
[WhiteFideId "100730"]
[BlackFideId "14118610"]
[WhiteElo "2269"]
[BlackElo "2157"]
[Result "0-1"]
[Round "09"]
[TimeControl "180+1"]
[Date "2022.03.30"]
[WhiteClock "0:00:18"]
[BlackClock "0:00:17"]

1. e4 c5 2. Nf3 e6 3. b4 cxb4 4. d4 Nf6 5. Bd3 d5 6. e5 Ne4 7. O-O Nc6 8. Qe1 b6 9. a3 Bb7 10. axb4 Nxb4 11. Bb5+ Bc6 12. Bxc6+ Nxc6 13. c4 Bb4 14. Qe2 O-O 15. Ba3 a5 16. Bxb4 Nxb4 17. Ne1 h6 18. Ra3 Rc8 19. f3 Ng5 20. Nd2 dxc4 21. Nxc4 Qxd4+ 22. Ne3 Nd5 23. Kh1 Qxe5 24. Qf2 Nxe3 25. Rxe3 Qd4 26. h4 Nh7 27. Qe2 Qxh4+ 28. Kg1 Nf6 29. Nd3 Rfd8 30. Rxe6 fxe6 31. Qxe6+ Kh8 32. Ne5 Qd4+ 33. Kh1 Rc7 34. Re1 Qh4+ 0-1


[Site "https://www.chess.com"]

[Event "Titled Tuesday Blitz March 29 Late 2022"]
[White "Oganian, Miran"]
[Black "Aldokhin, Ivan"]
[WhiteFideId "4122488"]
[BlackFideId "24115720"]
[WhiteElo "2357"]
[BlackElo "2231"]
[Result "1-0"]
[Round "09"]
[TimeControl "180+1"]
[Date "2022.03.29"]
[WhiteClock "0:01:19"]
[BlackClock "0:00:03"]

1. e4 c5 2. Nf3 e6 3. c3 Nf6 4. e5 Nd5 5. d4 cxd4 6. cxd4 d6 7. Bc4 Bd7 8. O-O Bc6 9. Nc3 Nd7 10. Bd3 Nxc3 11. bxc3 dxe5 12. Nxe5 Nxe5 13. dxe5 Qd5 14. f3 O-O-O 15. Bg5 Bc5+ 16. Kh1 Qxd3 17. Bxd8 Qxd1 18. Raxd1 Rxd8 19. Rxd8+ Kxd8 20. f4 Ke7 21. h4 h5 22. Kh2 g6 23. Kh3 b5 24. g4 hxg4+ 25. Kxg4 Bd5 26. Rb1 a6 27. Rb2 Ba3 28. Rc2 Be4 29. Rd2 Bc1 30. Rd4 Bb7 31. c4 b4 32. c5 a5 33. c6 Bc8 34. c7 Bb7 35. Rc4 Bd2 36. c8=Q Bxc8 37. Rxc8 a4 38. Rc7+ Ke8 39. Ra7 a3 40. Rb7 Kd8 41. Kg5 Bc3 42. Kf6 Ke8 43. Rb8+ Kd7 44. Kxf7 Kc7 45. Ra8 Kb7 46. Ra4 Kb6 47. Kxg6 Kb5 48. Ra8 Bd2 49. Kg5 Kc4 50. h5 b3 51. axb3+ Kxb3 52. h6 Bb4 53. h7 1-0


[Site "https://www.chess.com"]

[Event "Titled Tuesday Blitz March 29 Late 2022"]
[White "Omariev, Maksim"]
[Black "Kalavannan, Koby"]
[WhiteFideId "4193423"]
[BlackFideId "425753"]
[WhiteElo "2518"]
[BlackElo "1927"]
[Result "0-1"]
[Round "09"]
[TimeControl "180+1"]
[Date "2022.03.29"]
[WhiteClock "0:00:03"]
[BlackClock "0:00:30"]

1. g4 d5 2. Bg2 c6 3. h3 e5 4. d4 e4 5. c4 h5 6. g5 Be7 7. h4 Bb4+ 8. Nc3 Ne7 9. Qb3 a5 10. a3 dxc4 11. Qc2 Bxc3+ 12. Qxc3 Bf5 13. Qxc4 Nd7 14. e3 c5 15. Ne2 cxd4 16. Nxd4 Rc8 17. Qb5 Rc5 18. Qxb7 O-O 19. Bd2 Ne5 20. Bc3 Nd3+ 21. Ke2 Bg4+ 22. Kf1 Nd5 23. Bxe4 Nxc3 24. bxc3 Ne5 25. Rc1 Bc8 26. Qb3 Qd7 27. f3 Nc4 28. Kf2 f5 29. Bd3 Ba6 30. Bxc4+ Bxc4 31. Qb6 Re5 32. Qg6 Bf7 33. Qc6 Qe7 34. Rhe1 Re8 35. e4 g6 36. Qb6 fxe4 37. Rxe4 Rxe4 38. fxe4 Qxe4 39. Qf6 Qe3+ 40. Kg2 Qxc1 0-1


[Site "https://www.chess.com"]

[Event "Titled Tuesday Blitz March 29 Late 2022"]
[White "Petrovic, Aleksa"]
[Black "Fishbein, Alexander"]
[WhiteFideId "967629"]
[BlackFideId "2000377"]
[WhiteElo "2245"]
[BlackElo "2442"]
[Result "1/2-1/2"]
[Round "09"]
[TimeControl "180+1"]
[Date "2022.03.29"]
[WhiteClock "0:00:05"]
[BlackClock "0:00:20"]

1. d4 Nf6 2. Nf3 g6 3. c4 Bg7 4. Nc3 O-O 5. e4 d6 6. Be2 e5 7. dxe5 dxe5 8. Qxd8 Rxd8 9. Bg5 c6 10. Nxe5 Re8 11. O-O-O Na6 12. Rd6 Be6 13. Rhd1 h6 14. Bxf6 Bxf6 15. f4 Bxe5 16. fxe5 Re7 17. Rd8+ Rxd8 18. Rxd8+ Kg7 19. Ra8 b6 20. Kd2 Rb7 21. Ke3 Nb8 22. b4 Nd7 23. Rd8 Nxe5 24. Rd6 Bxc4 25. Kd4 Bxe2 26. Kxe5 Bf1 27. Rxc6 Bxg2 28. Nd5 g5 29. Rc7 Rxc7 30. Nxc7 f6+ 31. Kd4 Kf7 32. Nb5 a6 33. Nc7 a5 34. b5 f5 35. exf5 Kf6 36. Nd5+ Bxd5 37. Kxd5 h5 38. Kc6 g4 39. Kxb6 h4 40. Kxa5 g3 41. hxg3 hxg3 42. b6 g2 43. b7 g1=Q 44. b8=Q Qc5+ 45. Qb5 Qa3+ 46. Kb6 Qxa2 47. Kc7 Qc2+ 48. Kd6 Qd2+ 49. Kc7 Qc2+ 50. Kd7 Qd2+ 51. Ke8 Qe3+ 52. Kd7 Qe7+ 53. Kc8 Qf8+ 54. Kb7 Qe7+ 55. Ka6 Qe4 56. Kb6 Qe3+ 57. Qc5 Qb3+ 58. Kc6 Qf3+ 59. Kd6 Qf4+ 60. Kd7 Qd2+ 61. Qd6+ Qxd6+ 62. Kxd6 Kxf5 1/2-1/2


[Site "https://www.chess.com"]

[Event "Titled Tuesday Blitz March 29 Late 2022"]
[White "Prohorov, Olexandr"]
[Black "Kozina, Anastasia"]
[WhiteFideId "14105578"]
[BlackFideId "24174017"]
[WhiteElo "1993"]
[BlackElo "1993"]
[Result "1-0"]
[Round "09"]
[TimeControl "180+1"]
[Date "2022.03.30"]
[WhiteClock "0:01:39"]
[BlackClock "0:02:12"]

1. e4 a6 2. d4 b5 3. Bd3 Bb7 4. Nf3 g6 5. O-O Bg7 6. Re1 d6 7. c4 bxc4 8. Bxc4 Nf6 9. Bxf7+ Kxf7 10. Qb3+ Kf8 11. Qxb7 Nbd7 12. Ng5 Ke8 13. Qb3 Rf8 14. Ne6 Qc8 15. Nxg7+ Kd8 16. Ne6+ Ke8 17. Nxf8 Kxf8 18. e5 1-0


[Site "https://www.chess.com"]

[Event "Titled Tuesday Blitz March 29 Late 2022"]
[White "Qashashvili, Alexandre"]
[Black "Terletsky, Oleg"]
[WhiteFideId "13600842"]
[BlackFideId "14116774"]
[WhiteElo "2316"]
[BlackElo "2064"]
[Result "0-1"]
[Round "09"]
[TimeControl "180+1"]
[Date "2022.03.30"]
[WhiteClock "0:00:45"]
[BlackClock "0:00:17"]

1. e4 e5 2. Nf3 Nc6 3. Bc4 Nf6 4. d3 h6 5. Nc3 d6 6. a3 g6 7. Be3 Bg7 8. h3 O-O 9. Qd2 Kh7 10. O-O Na5 11. Ba2 c5 12. Nh2 Nh5 13. Nd5 f5 14. f4 exf4 15. Nxf4 Nxf4 16. Bxf4 g5 17. Bxd6 Qxd6 18. Qxa5 Bxb2 19. Rab1 Bd4+ 20. Kh1 b6 21. Qa4 Bd7 22. Qb3 Kg7 23. exf5 Rae8 24. Ng4 Bc6 25. f6+ Kg6 26. f7 Re2 27. Rg1 Qg3 28. Qe6+ Rxe6 29. Bxe6 Qxh3+ 0-1


[Site "https://www.chess.com"]

[Event "Titled Tuesday Blitz March 29 Late 2022"]
[White "Quintiliano Pinto, Renato R."]
[Black "Ibarra Jerez, Jose Carlos"]
[WhiteFideId "2117568"]
[BlackFideId "2226332"]
[WhiteElo "2439"]
[BlackElo "2626"]
[Result "1-0"]
[Round "09"]
[TimeControl "180+1"]
[Date "2022.03.29"]
[WhiteClock "0:00:17"]
[BlackClock "0:00:04"]

1. Nf3 d6 2. e4 e5 3. d4 exd4 4. Nxd4 Nf6 5. Nc3 Be7 6. Be2 O-O 7. O-O Re8 8. f4 Bf8 9. Bf3 c5 10. Nb3 Nc6 11. Re1 a5 12. a4 Nb4 13. Nb5 d5 14. e5 Bf5 15. exf6 Rxe1+ 16. Qxe1 Nxc2 17. Qf2 Nxa1 18. Nxa1 Qxf6 19. Nc7 Rd8 20. Nxd5 Qe6 21. Nc3 g6 22. Nc2 Bg7 23. h3 h5 24. Kh2 b6 25. Ne3 Bd4 26. Qh4 Bf6 27. Qg3 h4 28. Qf2 Bd4 29. Qxh4 Bf6 30. Qg3 Bd3 31. Ncd5 Bd4 32. f5 Qe8 33. Ng4 Rxd5 34. Bxd5 Bxf5 35. Nh6+ Kf8 36. Nxf5 gxf5 37. Bh6+ Ke7 38. Qc7+ Kf6 39. Qxb6+ Ke5 40. Bf3 Qd7 41. Bg7+ Kf4 42. Qh6# 1-0


[Site "https://www.chess.com"]

[Event "Titled Tuesday Blitz March 29 Late 2022"]
[White "Ricaurte Lopez, Juan Carlos"]
[Black "Brizzi, Milagros Tatiana"]
[WhiteFideId "3600327"]
[BlackFideId "128350"]
[WhiteElo "2209"]
[BlackElo "1844"]
[Result "0-1"]
[Round "09"]
[TimeControl "180+1"]
[Date "2022.03.30"]
[WhiteClock "0:00:01"]
[BlackClock "0:00:11"]

1. e4 c6 2. d4 d5 3. exd5 cxd5 4. c4 Nf6 5. Nc3 Nc6 6. Bg5 dxc4 7. Bxc4 e6 8. Nf3 Be7 9. O-O O-O 10. Re1 Nd5 11. Bxd5 exd5 12. Bxe7 Nxe7 13. Qb3 Be6 14. Qxb7 Rb8 15. Qxa7 Rxb2 16. Qc5 h6 17. a4 Nf5 18. Nb5 Qa5 19. Nc7 Qxc5 20. dxc5 Rc8 21. Nxe6 fxe6 22. g4 Ne7 23. Rxe6 Nc6 24. a5 Rb5 25. a6 Rxc5 26. a7 Ra8 27. Ra6 Nxa7 28. Re7 Rc3 29. Ne5 Rc1+ 30. Kg2 d4 31. Raxa7 Rxa7 32. Rxa7 Re1 33. f4 Re2+ 34. Kf3 Re3+ 35. Kf2 Re4 36. Rd7 Rxf4+ 37. Kg3 Re4 0-1


[Site "https://www.chess.com"]

[Event "Titled Tuesday Blitz March 29 Late 2022"]
[White "Rorrer, Grayson"]
[Black "Yuan, Qingyu"]
[WhiteFideId "30944996"]
[BlackFideId "8609772"]
[WhiteElo "2122"]
[BlackElo "2359"]
[Result "0-1"]
[Round "09"]
[TimeControl "180+1"]
[Date "2022.03.29"]
[WhiteClock "0:00:01"]
[BlackClock "0:00:17"]

1. e4 c6 2. d4 d5 3. exd5 cxd5 4. Bd3 Nc6 5. c3 Nf6 6. h3 e5 7. dxe5 Nxe5 8. Nf3 Nxd3+ 9. Qxd3 Bd6 10. O-O O-O 11. Bg5 h6 12. Bxf6 Qxf6 13. Nbd2 Rd8 14. Qd4 Qg6 15. Kh1 Qh5 16. Rae1 Be6 17. Qh4 Qg6 18. Nd4 Bd7 19. f4 Re8 20. N2f3 Re4 21. Rxe4 Qxe4 22. Nd2 Qd3 23. N4f3 Re8 24. Kh2 d4 25. cxd4 Bc6 26. Rf2 Bd5 27. b3 Qe3 28. Ne5 Qxd4 29. Ndf3 Bxf3 30. Nxf3 Bxf4+ 31. Kh1 Qd1+ 32. Ng1 Be3 33. Kh2 Qd6+ 34. Kh1 Bxf2 35. Qxf2 Qb6 36. Qf5 g6 0-1


[Site "https://www.chess.com"]

[Event "Titled Tuesday Blitz March 29 Late 2022"]
[White "Rudykh, Stepan"]
[Black "Shton, Roman"]
[WhiteFideId "4180321"]
[BlackFideId "14137461"]
[WhiteElo "2215"]
[BlackElo "2013"]
[Result "0-1"]
[Round "09"]
[TimeControl "180+1"]
[Date "2022.03.30"]
[WhiteClock "0:00:10"]
[BlackClock "0:00:15"]

1. e4 Nf6 2. Nc3 d5 3. e5 Nfd7 4. e6 fxe6 5. d4 c5 6. Nf3 Nc6 7. Be3 g6 8. Ng5 Nf6 9. dxc5 e5 10. Qf3 d4 11. O-O-O Bg4 12. Qg3 Bxd1 13. Nxd1 dxe3 14. Nxe3 Qa5 15. Bc4 O-O-O 16. Nf7 Bg7 17. f4 exf4 18. Qxf4 Qd2+ 19. Kb1 e5 20. Nxe5 Nh5 21. Be6+ Kc7 22. Qf7+ Kb8 23. N5c4 Qb4 24. c3 Bxc3 25. a3 Qxc5 26. bxc3 Rhf8 27. Qxh7 Nf4 28. Bg4 Nd3 29. Qxg6 Qb5+ 30. Kc2 Rf2+ 31. Nd2 Qb2+ 32. Kd1 Qxd2# 0-1


[Site "https://www.chess.com"]

[Event "Titled Tuesday Blitz March 29 Late 2022"]
[White "Sanal, Vahap"]
[Black "Taichman, Ori"]
[WhiteFideId "6300545"]
[BlackFideId "2804069"]
[WhiteElo "2603"]
[BlackElo "2227"]
[Result "1-0"]
[Round "09"]
[TimeControl "180+1"]
[Date "2022.03.29"]
[WhiteClock "0:01:56"]
[BlackClock "0:00:51"]

1. Nf3 Nf6 2. b3 g6 3. Bb2 Bg7 4. g3 O-O 5. Bg2 d6 6. d4 e5 7. dxe5 Nfd7 8. O-O Nxe5 9. Nc3 Nbc6 10. Nxe5 Nxe5 11. Qd2 Re8 12. Rad1 Bg4 13. Rfe1 Qc8 14. Nd5 Bh3 15. Nxc7 Bxg2 16. Nxe8 Qh3 17. Bxe5 Bxe5 18. Nxd6 Rd8 19. Qg5 f6 20. Qe3 Bxd6 21. Rxd6 Rxd6 22. Qe8+ Kg7 23. Qe7+ Kh6 24. Qxd6 f5 25. f3 b6 26. Qf4+ g5 27. Qd6+ Kh5 28. Qe7 Kg6 29. Rd1 Bxf3 30. Rd6+ Kh5 31. Qxh7+ Kg4 32. exf3+ 1-0


[Site "https://www.chess.com"]

[Event "Titled Tuesday Blitz March 29 Late 2022"]
[White "Sanchez Alvares, Kelvin Antonio"]
[Black "Tregubov, Pavel V."]
[WhiteFideId "3906680"]
[BlackFideId "4115341"]
[WhiteElo "2193"]
[BlackElo "2341"]
[Result "0-1"]
[Round "09"]
[TimeControl "180+1"]
[Date "2022.03.29"]
[WhiteClock "0:02:19"]
[BlackClock "0:02:24"]

1. e4 c5 2. Nf3 e6 3. d4 cxd4 4. Nxd4 Nc6 5. Nc3 Nf6 6. Nxc6 bxc6 7. Bd3 d5 8. O-O Be7 9. Qe2 O-O 10. b3 Bb7 11. Bb2 c5 12. f4 c4 13. bxc4 Qb6+ 14. Kh1 Qxb2 15. cxd5 Qxc3 0-1


[Site "https://www.chess.com"]

[Event "Titled Tuesday Blitz March 29 Late 2022"]
[White "Sanchez, Robert"]
[Black "Gracia Alvarez, Gerardo Antonio"]
[WhiteFideId "2034360"]
[BlackFideId "5109124"]
[WhiteElo "2290"]
[BlackElo "2139"]
[Result "1/2-1/2"]
[Round "09"]
[TimeControl "180+1"]
[Date "2022.03.30"]
[WhiteClock "0:01:33"]
[BlackClock "0:01:48"]

1. e4 c5 2. Nf3 Nc6 3. d4 cxd4 4. Nxd4 Nf6 5. Nc3 e5 6. Ndb5 h6 7. Bc4 a6 8. Nd6+ Bxd6 9. Qxd6 Qe7 10. Qd3 O-O 11. O-O d6 12. Be3 Be6 13. Nd5 Bxd5 14. Bxd5 Nxd5 15. Qxd5 Qe6 16. Rfd1 Rfd8 17. a3 Rd7 18. Rd2 Qxd5 19. Rxd5 Kf8 20. Rad1 Ke7 21. c4 Ke6 22. b4 Ne7 23. R5d2 b5 24. c5 Rad8 25. Rxd6+ Rxd6 26. Rxd6+ Rxd6 27. cxd6 Kxd6 28. Bc5+ Ke6 29. Bxe7 Kxe7 30. Kf1 g6 31. Ke2 f5 32. f3 Kd6 33. Ke3 1/2-1/2


[Site "https://www.chess.com"]

[Event "Titled Tuesday Blitz March 29 Late 2022"]
[White "Sarkar, Justin"]
[Black "Piliczewski, Bogusz"]
[WhiteFideId "2010011"]
[BlackFideId "1104144"]
[WhiteElo "2038"]
[BlackElo "1896"]
[Result "1-0"]
[Round "09"]
[TimeControl "180+1"]
[Date "2022.03.30"]
[WhiteClock "0:00:04"]
[BlackClock "0:00:03"]

1. e4 c6 2. Nf3 d5 3. Nc3 Bg4 4. h3 Bxf3 5. Qxf3 dxe4 6. Nxe4 e6 7. c3 Nd7 8. d4 Ngf6 9. Bd3 Be7 10. O-O Nxe4 11. Qxe4 Nf6 12. Qe2 O-O 13. a4 Qc7 14. a5 a6 15. b4 Nd5 16. Qe4 g6 17. Bd2 Bf6 18. Rae1 Bg7 19. h4 Rae8 20. g3 e5 21. dxe5 Rxe5 22. Qf3 Rfe8 23. Rxe5 Bxe5 24. c4 Nf6 25. Re1 Kg7 26. Kg2 Re7 27. Bg5 Re6 28. c5 Qe7 29. Bc4 Bd4 30. Bxe6 fxe6 31. h5 Qf7 32. h6+ Kg8 33. Rd1 e5 34. Qxf6 Qxf6 35. Bxf6 Kf7 36. Bg7 Ke6 37. f4 Kd5 38. Bxe5 1-0


[Site "https://www.chess.com"]

[Event "Titled Tuesday Blitz March 29 Late 2022"]
[White "Shimanov, Aleksandr"]
[Black "Terrieux, Kevin"]
[WhiteFideId "4198603"]
[BlackFideId "622591"]
[WhiteElo "2636"]
[BlackElo "2482"]
[Result "1-0"]
[Round "09"]
[TimeControl "180+1"]
[Date "2022.03.29"]
[WhiteClock "0:00:33"]
[BlackClock "0:00:09"]

1. d4 d5 2. Nc3 Nf6 3. Bf4 e6 4. Nb5 Bb4+ 5. c3 Ba5 6. b4 a6 7. Na3 Bb6 8. e3 a5 9. Nc2 O-O 10. Bd3 Bd7 11. Nf3 Nc6 12. b5 Ne7 13. a4 Nf5 14. Ne5 Nd6 15. Bg5 Nde8 16. O-O h6 17. Bh4 c5 18. c4 Bc7 19. f4 cxd4 20. exd4 dxc4 21. Bxc4 Bd6 22. Ne3 Be7 23. Qd3 Nd6 24. Bb3 Rc8 25. Bxf6 Bxf6 26. Bc2 Nf5 27. g4 Rxc2 28. Nxc2 Nd6 29. Ne3 Bh4 30. Rad1 f5 31. d5 Ne4 32. dxe6 Bxe6 33. Qxd8 Rxd8 34. Nxf5 Bxf5 35. Rxd8+ Bxd8 36. gxf5 Nc5 37. Rd1 Bb6 38. Nc4 Bc7 39. b6 Bxf4 40. Rd5 Nxa4 41. Rxa5 Nxb6 42. Nxb6 Be3+ 43. Kg2 Bxb6 44. Rb5 Bd4 45. Rxb7 Bf6 46. Kf3 h5 47. Ke4 Kh7 48. Rb3 h4 49. Kf4 Kh6 50. Kg4 g6 51. Rb6 Kg7 52. Rc6 gxf5+ 53. Kxf5 Be7 54. Rc7 Kf7 55. h3 Kf8 56. Kg6 Bd8 57. Rh7 Ke8 58. Kf5 Kf8 59. Ke6 Kg8 60. Rd7 Bg5 61. Kf5 Bc1 62. Kg6 Kf8 63. Rd4 Ba3 64. Rxh4 Kg8 65. Ra4 1-0


[Site "https://www.chess.com"]

[Event "Titled Tuesday Blitz March 29 Late 2022"]
[White "Sjugirov, Sanan"]
[Black "Holt, Conrad"]
[WhiteFideId "4189302"]
[BlackFideId "2034387"]
[WhiteElo "2602"]
[BlackElo "2586"]
[Result "1-0"]
[Round "09"]
[TimeControl "180+1"]
[Date "2022.03.29"]
[WhiteClock "0:00:10"]
[BlackClock "0:00:10"]

1. d4 d5 2. c4 c6 3. Nf3 Nf6 4. Nc3 dxc4 5. a4 Bf5 6. Ne5 Nbd7 7. Nxc4 Nb6 8. Ne5 a5 9. f3 Nfd7 10. Nxd7 Nxd7 11. e4 Bg6 12. Be3 Qb6 13. Qd2 e6 14. Be2 Bb4 15. O-O O-O 16. Rfd1 Rfd8 17. Bf2 f6 18. Bf1 Qc7 19. Qc2 Qf4 20. Ne2 Qd6 21. Rac1 Bf7 22. Nc3 Qf4 23. Qb3 Bd6 24. e5 fxe5 25. Ne4 Bb4 26. Bg3 Qf5 27. Bd3 Qh5 28. Bb1 exd4 29. Nd6 Nc5 30. Qc4 Rxd6 31. Bxd6 e5 32. Qe2 Nb3 33. Bxb4 Nxc1 34. Rxc1 axb4 35. Rc5 Bd5 36. Be4 Bxe4 37. Qxe4 Re8 38. a5 h6 39. a6 bxa6 40. Qxc6 e4 41. Rxh5 1-0


[Site "https://www.chess.com"]

[Event "Titled Tuesday Blitz March 29 Late 2022"]
[White "Song, Guannan Terry"]
[Black "Curtis, John"]
[WhiteFideId "2614189"]
[BlackFideId "3200256"]
[WhiteElo "2115"]
[BlackElo "2203"]
[Result "1-0"]
[Round "09"]
[TimeControl "180+1"]
[Date "2022.03.30"]
[WhiteClock "0:00:56"]
[BlackClock "0:00:04"]

1. d4 d5 2. Nc3 c6 3. e4 dxe4 4. Nxe4 Nd7 5. Bd3 Ngf6 6. Ng3 e5 7. Nf3 exd4 8. O-O Nc5 9. Bg5 Ne6 10. Re1 Be7 11. Nf5 O-O 12. Nxe7+ Qxe7 13. Nxd4 Qd8 14. Nxe6 Bxe6 15. Qf3 Bd5 16. Qf5 Be6 17. Bxf6 Bxf5 18. Bxd8 Bxd3 19. Be7 Bxc2 20. Bxf8 Kxf8 21. Re3 Bf5 22. Rae1 Be6 23. a3 Rd8 24. f4 h5 25. Re5 g6 26. Kf2 Rd4 27. g3 b6 28. R5e4 Rd3 29. Ke2 Rb3 30. Rb4 Rxb4 31. axb4 Ke7 32. Ke3 a6 33. Kd4 Kd6 34. Ra1 Bc8 35. Ra3 f6 36. Ra1 g5 37. fxg5 fxg5 38. Rf1 Ke6 39. Rf8 Bd7 40. Rb8 b5 41. Rh8 h4 42. gxh4 gxh4 43. Rxh4 Kd6 44. Rh6+ Be6 45. h4 1-0


[Site "https://www.chess.com"]

[Event "Titled Tuesday Blitz March 29 Late 2022"]
[White "Tanenbaum, Zachary"]
[Black "Li, Ben"]
[WhiteFideId "2060850"]
[BlackFideId "2089980"]
[WhiteElo "2168"]
[BlackElo "2267"]
[Result "1-0"]
[Round "09"]
[TimeControl "180+1"]
[Date "2022.03.29"]
[WhiteClock "0:01:44"]
[BlackClock "0:01:10"]

1. e4 e5 2. Nf3 Nf6 3. Nxe5 d6 4. Nf3 Nxe4 5. Nc3 Nxc3 6. dxc3 Be7 7. Bf4 O-O 8. Qd2 Nd7 9. O-O-O Nc5 10. Bd3 Nxd3+ 11. Qxd3 Bf6 12. h4 Bd7 13. Ng5 g6 14. Qd2 h5 15. f3 b5 16. g4 b4 17. cxb4 hxg4 18. h5 Kg7 19. hxg6 Rh8 20. Nxf7 Qe7 21. Nxh8 Rxh8 22. Rxh8 Kxh8 23. Rh1+ Kg8 24. Qd5+ Be6 25. Qa8+ Qf8 26. Qxf8+ Kxf8 27. fxg4 Bxg4 28. Rh7 Bg7 29. Bh6 Bxh6+ 30. Rxh6 Bf5 31. Rh7 1-0


[Site "https://www.chess.com"]

[Event "Titled Tuesday Blitz March 29 Late 2022"]
[White "Tarigan, Gilbert Elroy"]
[Black "Reprintsev, Alexander"]
[WhiteFideId "7108133"]
[BlackFideId "14100541"]
[WhiteElo "1908"]
[BlackElo "2108"]
[Result "0-1"]
[Round "09"]
[TimeControl "180+1"]
[Date "2022.03.29"]
[WhiteClock "0:00:03"]
[BlackClock "0:00:10"]

1. e4 d5 2. e5 c5 3. c3 Bf5 4. d4 e6 5. Nf3 Nc6 6. Bb5 Ne7 7. dxc5 Ng6 8. b4 a5 9. O-O Be7 10. a3 O-O 11. Re1 axb4 12. Bxc6 bxc6 13. cxb4 Bxb1 14. Rxb1 Qb8 15. g3 Ra6 16. h4 Rc8 17. h5 Nf8 18. Qd3 Qa8 19. Rb3 h6 20. Nd4 Bg5 21. Bxg5 hxg5 22. Nxc6 Raxc6 23. f4 gxf4 24. gxf4 Nd7 25. Qg3 Nxc5 26. bxc5 Rxc5 27. h6 g6 28. Rb2 Qa7 29. Kh2 Rc2+ 30. Re2 Rxe2+ 31. Rxe2 Rc1 32. Qg5 Kh7 33. Rg2 Qxa3 34. Qf6 Qf8 35. Kg3 Rc3+ 36. Kg4 Rc7 37. Rg3 Qh8 38. Qg5 d4 39. Rd3 Rd7 40. Qh4 Qd8 41. Qg5 Rd5 42. Kh4 Qxg5+ 43. fxg5 Rxe5 44. Rxd4 Rf5 45. Rd7 e5 46. Kg4 Rf4+ 47. Kg3 Rf1 48. Re7 Rf5 49. Kg4 Kg8 50. Re8+ Kh7 51. Re7 Rf2 52. Kg3 Rf4 53. Rxe5 Rf1 54. Re4 Rg1+ 55. Kf4 Rf1+ 56. Kg4 Rg1+ 57. Kh4 Rh1+ 58. Kg3 f5 59. Re7+ Kh8 60. Rg7 Rg1+ 61. Kf4 Rg4+ 62. Ke5 Rxg5 63. Kf6 Rg1 64. Ra7 f4 65. Ra4 f3 66. Rf4 Rg3 67. Ra4 Kh7 68. Ra8 f2 0-1


[Site "https://www.chess.com"]